 Dungeon Crawl Stone Soup version 0.22.1-1-ga44c0e5 (webtiles) character file.

917 Zachthehappycat2 the Skirmisher (level 7, -4/64 HPs)
             Began as a Minotaur Berserker on Sept 26, 2018.
             Was a Priest of Trog.
             Slain by a troll (16 damage)
             ... on level 5 of the Dungeon on Oct 3, 2018.
             The game lasted 00:12:29 (4519 turns).

Zachthehappycat2 the Skirmisher (MiBe)              Turns: 4519, Time: 00:12:30

Health: -4/64      AC:  6    Str: 23    XL:     7   Next: 83%
Magic:  6/6        EV: 10    Int:  9    God:    Trog [***...]
Gold:   194        SH: 12    Dex: 15    Spells: 6/6 levels left

rFire    . . .     SeeInvis .   n - +2 hand axe (vamp)
rCold    . . .     Gourm    .   o - +0 large shield
rNeg     . . .     Faith    .   u - +1 robe of Lyhechig {MR+ Int+5}
rPois    .         Spirit   .   (helmet restricted)
rElec    .         Reflect  .   v - scarf {cloud immunity}
rCorr    .         Harm     .   g - +0 pair of gloves
MR       +....                  p - +0 pair of boots
Stlth    +.........             (no amulet)
HPRegen  0.20/turn              t - +5 ring of dexterity
MPRegen  0.10/turn              (no ring)

@: no status effects
A: retaliatory headbutt, horns 2
a: Berserk, Trog's Hand, Renounce Religion


You were on level 5 of the Dungeon.
You worshipped Trog.
Trog was most pleased with you.
You were not hungry.

You visited 1 branch of the dungeon, and saw 5 of its levels.

You collected 194 gold pieces.

Inventory:

Hand Weapons
 n - a +2 vampiric hand axe (weapon)
Armour
 g - a +0 pair of gloves (worn)
 o - a +0 large shield (worn)
 p - a +0 pair of boots (worn)
 u - the +1 robe of Lyhechig (worn) {MR+ Int+5}
   (You found it on level 4 of the Dungeon)

   It affects your intelligence (+5).
   It affects your resistance to hostile enchantments.
 v - a scarf of cloud immunity (worn)
Jewellery
 t - a +5 ring of dexterity (left hand)
Wands
 q - a wand of flame (23)
Scrolls
 b - a scroll of enchant armour {unknown}
 e - 5 scrolls of identify {unknown}
 f - 2 scrolls of amnesia {unknown}
 h - 5 scrolls of teleportation {unknown}
 m - 2 scrolls of remove curse {unknown}
 r - a scroll of blinking {unknown}
 s - a scroll of acquirement {unknown}
 w - 3 scrolls of noise {unknown}
Potions
 a - a potion of brilliance {unknown}
 d - 3 potions of curing
 j - 2 potions of lignification {unknown}
 k - 2 potions of magic {unknown}
 l - a potion of invisibility {unknown}
Comestibles
 c - 5 rations


   Skills:
 + Level 6.4 Fighting
 + Level 4.5(5.4) Axes
   Level 4.3(5.3) Maces & Flails
 + Level 5.8 Armour
 + Level 5.2 Dodging


You had 6 spell levels left.
You didn't know any spells.
Your spell library was empty.

Dungeon Overview and Level Annotations

Branches:
Dungeon (5/15)             Temple (0/1) D:4

Altars:
Ashenzari
Fedhas
Makhleb
Okawaru
Qazlal
Sif Muna
Trog
Wu Jian

Shops:
D:4 %


Innate Abilities, Weirdness & Mutations

You reflexively headbutt those who attack you in melee.
You have a pair of horns on your head.


Message History

You are too injured to fight recklessly!
You are too injured to fight recklessly!
You are too injured to fight recklessly!
You are too injured to fight recklessly!
Found a chain mail.
The troll barely misses you. The troll claws you.
* * * LOW HITPOINT WARNING * * *
The troll claws you.
* * * LOW HITPOINT WARNING * * *
You see here a chain mail.
The troll barely misses you. You furiously retaliate!
You headbutt the troll, but do no damage.
You block the troll's attack. The troll claws you but does no damage.
As you read the scroll labeled GYGEFODODA, it crumbles to dust.
The creatures around you are filled with an inner flame!
It was a scroll of immolation.
The troll bites you!
* * * LOW HITPOINT WARNING * * *
The troll barely misses you. x2
It was a potion of curing.
You feel better. The troll bites you!
You die...

##.#.#....##### ######
...#.###...# #....#
####.###.#.# #.##.#
#.....#.#########.##.#
#####.#(........#..#.#
###########.#[...#
#....#..### #.####...#
#.@T.....# #........#
#........# #........#
#........# #........#
#.......## #.>.....#
#.......#


You could see a troll (inner flame).

Vanquished Creatures
  Sigmund (D:4)
  2 sky beasts (D:5)
  An ogre (D:4)
  A wyvern skeleton (D:5)
  2 scorpions
  A howler monkey (D:4)
  A crimson imp (D:5)
  A bullfrog zombie (D:5)
  3 hounds
  A worker ant (D:5)
  A hound skeleton (D:5)
  3 adders
  2 worms
  A dart slug (D:1)
  6 leopard geckos
  6 orcs
  3 giant cockroaches
  5 goblins
  6 hobgoblins
  13 jackals
  7 bats
  2 frilled lizards
  4 kobolds
  5 rats
  A butterfly (D:4)
79 creatures vanquished.

Notes
Turn   | Place    | Note
-------+----------+-------------------------------------------
     0 | D:1      | Zachthehappycat2 the Minotaur Berserker began the quest for
                  | the Orb.
     0 | D:1      | Reached XP level 1. HP: 19/19 MP: 0/0
   243 | D:1      | Reached XP level 2. HP: 26/27 MP: 1/1
   432 | D:1      | Reached skill level 4 in Fighting
   896 | D:2      | Reached XP level 3. HP: 30/33 MP: 2/2
  1095 | D:2      | Reached ** piety under Trog
  1183 | D:2      | Found an ornate altar of the Wu Jian Council.
  1628 | D:3      | Found an iron altar of Okawaru.
  1757 | D:3      | Found a deep blue altar of Sif Muna.
  2191 | D:3      | Reached XP level 4. HP: 40/40 MP: 3/3
  2210 | D:3      | Found a burning altar of Makhleb.
  2326 | D:3      | Found a shattered altar of Ashenzari.
  2516 | D:4      | Found Noushy's Food Shop.
  2525 | D:4      | Reached skill level 1 in Axes
  2528 | D:4      | Found a stormy altar of Qazlal.
  2555 | D:4      | Noticed an ogre
  2564 | D:4      | Killed an ogre
  2564 | D:4      | Reached XP level 5. HP: 26/47 MP: 4/4
  2816 | D:4      | Noticed Sigmund
  2829 | D:4      | Killed Sigmund
  2829 | D:4      | Reached skill level 5 in Fighting
  2829 | D:4      | Reached XP level 6. HP: 56/56 MP: 5/5
  2888 | D:4      | Found a blossoming altar of Fedhas.
  2940 | D:4      | Got a distressingly furry robe
  2951 | D:4      | Identified the +1 robe of Lyhechig {MR+ Int+5} (You found
                  | it on level 4 of the Dungeon)
  3033 | D:4      | Found a bloodstained altar of Trog.
  3335 | D:4      | Found a staircase to the Ecumenical Temple.
  3780 | D:5      | Entered Level 5 of the Dungeon
  3863 | D:5      | Reached skill level 5 in Armour
  3863 | D:5      | Reached XP level 7. HP: 58/62 MP: 6/6
  3926 | D:5      | Reached *** piety under Trog
  4048 | D:5      | Reached skill level 6 in Fighting
  4053 | D:5      | Reached skill level 5 in Dodging
  4492 | D:5      | Noticed a troll
  4519 | D:5      | Slain by a troll

Skill      XL: |  1  2  3  4  5  6  7 |
---------------+----------------------+-----
Maces & Flails | 4 |  4.3
Fighting       | 4 5 6 |  6.4
Armour         | 3 4 5 |  5.8
Dodging        | 3 4 5 |  5.2
Axes           | 2 3 4 |  4.5

Action                   |  1- 3 |  4- 6 |  7- 9 || total
-------------------------+-------+-------+-------++-------
Melee: Mace              |    73 |       |       ||    73
       Headbutt          |     9 |    12 |    11 ||    32
       Hand axe          |     2 |    81 |    41 ||   124
Invok: Berserk           |     1 |     2 |     1 ||     4
       Trog's Hand       |     1 |       |       ||     1
  Use: Scroll            |       |       |     1 ||     1
       Potion            |       |       |     1 ||     1
 Stab: Sleeping          |       |     1 |       ||     1
  Eat: Chunk             |     5 |     2 |       ||     7
       Ration            |     2 |     2 |     1 ||     5
Armor: Animal skin       |    20 |       |       ||    20
       Chain mail        |       |    19 |       ||    19
       Robe              |       |     3 |    12 ||    15
Dodge: Dodged            |    56 |    19 |    15 ||    90
Block: Large shield      |    40 |    45 |    22 ||   107
